 Dungeon Crawl Stone Soup version 0.21.1 (webtiles) character file.

96 Mgcat the Skirmisher (level 4, -5/37 HPs)
             Began as a Mummy Fighter on Feb 4, 2018.
             Slain by an orc
             ... wielding a +0 war axe
              (6 damage)
             ... on level 1 of the Dungeon.
             The game lasted 00:05:46 (2114 turns).

Mgcat the Skirmisher (Mummy Fighter)                Turns: 2114, Time: 00:05:46

Health: -5/37      AC: 10    Str: 19    XL:     4   Next: 41%
Magic:  4/4        EV:  7    Int:  7    God:
Gold:   174        SH:  8    Dex: 12    Spells: 3/3 levels left

rFire    x . .     SeeInvis .   j - -1 dagger (curse)
rCold    + . .     Gourm    .   c - +0 shield
rNeg     + + +     Faith    .   b - +0 scale mail
rPois    ∞         Spirit   .   i - +2 helmet
rElec    .         Reflect  .   (no cloak)
rCorr    .         Harm     .   f - +0 pair of gloves
MR       .....                  (no boots)
Stlth    ..........             h - amulet of magic regeneration
HPRegen  0.12/turn              (no ring)
MPRegen  0.34/turn              (no ring)

@: no status effects
A: no food or potions, fire vulnerability, cold resistance 1, negative energy
resistance 3, torment resistance, unbreathing
a: no special abilities


You were on level 1 of the Dungeon.
You were not hungry.

You visited 1 branch of the dungeon, and saw 3 of its levels.

You collected 174 gold pieces.

Inventory:

Hand Weapons
 a - a +1 long sword
 j - a cursed -1 dagger (weapon)
   (You took it off an orc on level 2 of the Dungeon)
Armour
 b - a +0 scale mail (worn)
 c - a +0 shield (worn)
 f - a +0 pair of gloves (worn)
   (You found it on level 1 of the Dungeon)
 i - a +2 helmet (worn)
   (You found it on level 2 of the Dungeon)
Jewellery
 h - an amulet of magic regeneration (around neck)
   (You found it on level 1 of the Dungeon)
Scrolls
 d - 2 scrolls of identify


   Skills:
 + Level 4.2 Fighting
 + Level 2.9 Long Blades
 - Level 2.4 Armour
 - Level 2.4 Shields


You had 3 spell levels left.
You didn't know any spells.

Dungeon Overview and Level Annotations

Branches:
Dungeon (3/15)

Altars:
Okawaru
Qazlal


Innate Abilities, Weirdness & Mutations

You do not eat or drink.
Your flesh is vulnerable to fire.
You are immune to poison.
Your flesh is cold resistant. (rC+)
You are immune to negative energy. (rN+++)
You are immune to unholy pain and torment.
You can survive without breathing.


Message History

You hit the orc.
The orc is moderately wounded.
You block the kobold's attack. The orc hits you with a hand axe.
You hit the orc.
You kill the orc!
You block the orc's attack. The kobold barely misses you.
You hit the orc but do no damage. You block the orc's attack.
The kobold hits you with a club. The orc hits you but does no damage.
You hit the orc.
The orc is moderately wounded.
You block the orc's attack. The orc hits you but does no damage.
The kobold hits you but does no damage. The orc hits you but does no damage.
You hit the orc but do no damage.
The orc is moderately wounded.
The orc hits you with a falchion. The orc hits you but does no damage.
You block the kobold's attack. The orc hits you with a whip.
You are too injured to fight recklessly!
You are too injured to fight recklessly!
You are too injured to fight recklessly!
You are too injured to fight recklessly!
You hit the kobold.
You kill the kobold!
The orc hits you with a falchion. You block the orc's attack. x2
You hit the orc but do no damage.
The orc is moderately wounded.
You block the orc's attack. The orc hits you but does no damage.
You hit the orc.
The orc is moderately wounded.
The orc hits you with a war axe. The orc completely misses you.
The orc hits you but does no damage.
You closely miss the orc.
The orc is moderately wounded.
The orc closely misses you. The orc hits you with a whip.
You hit the orc but do no damage.
The orc is moderately wounded.
You block the orc's attack. The orc hits you with a war axe.
You hit the orc but do no damage.
The orc is moderately wounded.
The orc hits you with a whip. The orc hits you but does no damage.
You block the orc's attack.
You barely miss the orc.
The orc is moderately wounded.
The orc barely misses you. You block the orc's attack.
You hit the orc.
The orc is severely wounded.
You block the orc's attack. x3; The orc hits you but does no damage.
The orc closely misses you. The orc hits you but does no damage.
The orc barely misses you.
You climb upwards.
There is a stone staircase leading down here.
You block the orc's attack.
You barely miss the orc. You block the orc's attack.
You hit the orc but do no damage. You block the orc's attack.
Your shield and scale mail prevent you from hitting the orc.
The orc hits you but does no damage.
Your shield and scale mail prevent you from hitting the orc.
You hit the orc but do no damage. The orc completely misses you.
You hit the orc.
The orc is moderately wounded.
The orc hits you with a war axe.
You hit the orc but do no damage.
The orc is moderately wounded.
The orc hits you with a war axe!
* * * LOW HITPOINT WARNING * * *
You hit the orc but do no damage.
The orc is moderately wounded.
The orc hits you but does no damage.
Okay, then.
Unknown command.
You hit the orc but do no damage.
The orc is moderately wounded.
The orc hits you but does no damage.
You hit the orc.
The orc is severely wounded.
The orc hits you with a war axe.
* * * LOW HITPOINT WARNING * * *
The orc barely misses you.
You hit the orc.
The orc is heavily wounded.
The orc hits you but does no damage.
You hit the orc but do no damage.
The orc is severely wounded.
The orc hits you with a war axe.
* * * LOW HITPOINT WARNING * * *
The orc barely misses you.
You closely miss the orc.
The orc is severely wounded.
You block the orc's attack. The orc hits you but does no damage.
You hit the orc but do no damage.
The orc is severely wounded.
The orc hits you but does no damage. You block the orc's attack.
You hit the orc but do no damage.
The orc is severely wounded.
The orc hits you with a whip.
* * * LOW HITPOINT WARNING * * *
The orc hits you but does no damage.
You hit the orc.
You kill the orc!
The orc hits you with a war axe.
You die...

....#.# #.####.# ##...#.##.
####.##### #.# #.####.........
.........# #.# #...........##.
.#######.# #.# ########..####. .#
#.# #.# #..####. .# #.#####.#####
#.!..... .# #........o..#
##'###### .# #..##.###o#.#
##...## .# #..##.# #@#o#
##)....## .#######..##.###>#o#
##.[.....##
..........##....)..###.........##
.....................'.........'"
#...#.###.##..#....###.........##
##.##.# #.##>.#..#.# ##.......##
####.###...(!.....# ##....!##
##.......####.###### ##...##
...##.##.# #.# ##'##


You could see 2 orcs.

Vanquished Creatures
  2 adders (D:2)
  2 oozes (D:2)
  A dart slug (D:1)
  4 leopard geckos
  5 orcs
  2 giant cockroaches (D:2)
  11 goblins
  5 hobgoblins
  2 jackals (D:2)
  A quokka (D:3)
  2 ball pythons
  4 bats
  4 frilled lizards
  7 kobolds
  6 rats
58 creatures vanquished.

Notes
Turn   | Place    | Note
-------+----------+-------------------------------------------
     0 | D:1      | Mgcat the Mummy Fighter began the quest for the Orb.
     0 | D:1      | Reached XP level 1. HP: 18/18 MP: 1/1
   252 | D:1      | Reached XP level 2. HP: 21/24 MP: 2/2
   310 | D:1      | Reached skill level 2 in Long Blades
   894 | D:1      | Reached XP level 3. HP: 21/29 MP: 3/3
  1316 | D:2      | Reached skill level 4 in Fighting
  1465 | D:2      | Found a stormy altar of Qazlal.
  1477 | D:2      | Reached XP level 4. HP: 33/37 MP: 4/4
  1665 | D:2      | Found an iron altar of Okawaru.
  1818 | D:2      | HP: 6/37 [orc/whip (6)]
  2102 | D:1      | HP: 6/37 [orc/war axe (7)]
  2110 | D:1      | HP: 3/37 [orc/war axe (1)]
  2113 | D:1      | HP: 1/37 [orc/whip (2)]
  2114 | D:1      | Slain by an orc

Skill      XL: |  1  2  3 |
---------------+----------+-----
Long Blades    | 2 |  2.9
Fighting       | 4 |  4.2
Armour         | |  2.4
Shields        | |  2.4

Action                   |  1- 3 |  4- 6 || total
-------------------------+-------+-------++-------
Melee: Long sword        |   127 |       ||   127
       Dagger            |       |   142 ||   142
  Use: Scroll            |       |     4 ||     4
Armor: Scale mail        |    46 |    55 ||   101
Dodge: Dodged            |    43 |    35 ||    78
Block: Shield            |    73 |    73 ||   146
       Rpst.: Long sword |    12 |       ||    12

Vault maps used:
D:1:      onia_arrival_mini_maze
D:2:      lemuel_doored_altar, first_ration, kennysheep_okawaru_gauntlet
D:3:      kennysheep_six_static_rooms, st_stairs_14, grunt_ministairs_1

Table legend:
 A = Turns spent in this place as a percentage of turns spent in the entire game.
 B = Non-inter-level travel turns spent in this place as a percentage of non-inter-level travel turns spent in the entire game.
 C = Inter-level travel turns spent in this place as a percentage of turns spent in this place.
 D = Turns resting spent in this place as a percentage of non-inter-level travel turns spent in this place.
 E = Turns spent auto-exploring this place as a percentage of non-inter-level travel turns spent in this place.
 F = Non-inter-level travel turns spent in this place divided by the number of levels of this place that you've seen.
                   A       B       C       D       E      F
               +-------+-------+-------+-------+-------+----------------------
         Total | 100.0 | 100.0 |   4.4 |  22.8 |  53.6 | 674.0
       Dungeon | 100.0 | 100.0 |   4.4 |  22.8 |  53.6 | 674.0
               +-------+-------+-------+-------+-------+----------------------

Table legend:
 A = Kills in this place as a percentage of kills in entire the game.
 B = Kills by you in this place as a percentage of kills by you in the entire game.
 C = Kills by friends in this place as a percentage of kills by friends in the entire game.
 D = Other kills in this place as a percentage of other kills in the entire game.
 E = Experience gained in this place as a percentage of experience gained in the entire game.
 F = Experience gained in this place divided by the number of levels of this place that you have seen.
                   A       B       C       D       E      F
               +-------+-------+-------+-------+-------+----------------------
         Total | 100.0 | 100.0 |   N/A |   N/A | 100.0 |  46.0
       Dungeon | 100.0 | 100.0 |   N/A |   N/A | 100.0 |  46.0
               +-------+-------+-------+-------+-------+----------------------
